 Dungeon Crawl Stone Soup version 0.29.1-1-gd02db6906a (webtiles) character file.

Game seed: 9028335954371705958

819 avis the Skirmisher (level 7, 0/57 HPs)
             Began as a Demigod Hunter on Sept 18, 2022.
             Slain by an iguana (11 damage)
             ... on level 4 of the Dungeon.
             The game lasted 00:23:45 (4316 turns).

avis the Skirmisher (Demigod Hunter)                Turns: 4316, Time: 00:23:47

Health: 0/57       AC:  7    Str: 16      XL:     7   Next: 36%
Magic:  9/9        EV: 12    Int:  9 (10) God:
Gold:   130        SH:  0    Dex: 24      Spells: 6/6 levels left

rFire   + + .      SeeInvis .   a - +0 shortbow
rCold   + . .      Faith    .   (shield currently unavailable)
rNeg    . . .      Spirit   .   z - +2 leather armour {rF+}
rPois   .          Reflect  .   (no helmet)
rElec   .          Harm     .   e - scarf {rC+ rF+}
rCorr   .          Rampage  .   (no gloves)
Will    .....                   (no boots)
Stlth   ++........              (no amulet)
HPRegen 0.19/turn               (no ring)
MPRegen 0.11/turn               (no ring)

@: no status effects
A: high MP 1, forlorn, divine attributes, iridescent scales 1, deterioration 1,
screaming 1, strong 1
a: no special abilities


You were on level 4 of the Dungeon.
You visited 1 branch of the dungeon, and saw 4 of its levels.

You collected 130 gold pieces.

Inventory:

Hand Weapons
 a - a +0 shortbow (weapon)
 b - a +0 rapier
 h - a +0 dagger
 p - a +0 short sword
 t - a +0 great sword
 x - a +0 falchion
 A - a +0 falchion
Missiles
 n - 7 poisoned darts
 v - 4 boomerangs
 C - a throwing net
Armour
 c - a +0 leather armour
 e - a scarf of resistance (worn)
 i - a +0 ring mail
 z - a +2 leather armour of fire resistance (worn)
 D - the +11 plate armour "Hagulis" {rPois rC++ Int+2 Dex+8 Stlth-}
   (You found it on level 3 of the Dungeon)

   Int:       It affects your intelligence (+2).
   Dex:       It affects your dexterity (+8).
   rC:        It greatly protects you from cold.
   rPois:     It protects you from poison.
   Stlth:     It makes you less stealthy.
Wands
 y - a wand of quicksilver (2)
 F - a wand of iceblast (8)
Scrolls
 d - a scroll of enchant armour {unknown}
 f - 2 scrolls of fear {unknown}
 l - 3 scrolls of identify {unknown}
 o - a scroll of enchant weapon {unknown}
 r - 2 scrolls of poison {unknown}
 s - 2 scrolls of immolation
 u - a scroll of magic mapping {unknown}
 w - a scroll of silence {unknown}
 B - 2 scrolls of teleportation {unknown}
 E - 2 scrolls of blinking {unknown}
Potions
 g - a potion of attraction {unknown}
 j - a potion of berserk rage {unknown}
 k - a potion of mutation
 m - a potion of flight {unknown}
 q - 3 potions of might {unknown}


   Skills:
 - Level 3.0 Fighting
 * Level 8.1 Ranged Weapons
 - Level 2.0 Dodging
 - Level 2.0 Stealth


You had 6 spell levels left.
You didn't know any spells.
Your spell library contained the following spells:

 Spells                   Type           Power      Damage    Failure   Level
 Shock                    Conj/Air       0%         1d3       45%         1


Dungeon Overview and Level Annotations

Branches:
Dungeon (4/15)
 Temple: D:4-7


Innate Abilities, Weirdness & Mutations

You have an increased reservoir of magic. (+10% MP)
You shall have no god before yourself.
Your divine heritage dramatically boosts your attributes as you level up.
You are partially covered in iridescent scales. (AC +2)
Your body sometimes deteriorates upon taking damage.
You occasionally shout uncontrollably at your foes.
Your muscles are strong. (Str +4, Int/Dex -1)


Message History

You shoot an arrow.
The arrow hits the ogre but does no damage.
The ogre is heavily wounded.
Fire: a) +0 shortbow
Press: ? - help, Q - select action, (/) - cycle Shift-Dir - straight line, f/p - ogre
Aim: an ogre, wielding a +0 giant club (heavily wounded, 80% to hit)
You shoot an arrow. The arrow hits the ogre.
The ogre is severely wounded.
The ogre hits you with a +0 giant club!
Fire: a) +0 shortbow
Press: ? - help, Q - select action, (/) - cycle Shift-Dir - straight line, f/p - ogre
Aim: an ogre, wielding a +0 giant club (severely wounded, 80% to hit)
You shoot an arrow. The arrow hits the ogre.
The ogre is severely wounded.
The ogre barely misses you.
Fire: a) +0 shortbow
Press: ? - help, Q - select action, (/) - cycle Shift-Dir - straight line, f/p - ogre
Aim: an ogre, wielding a +0 giant club (severely wounded, 80% to hit)
You shoot an arrow. The arrow barely misses the ogre.
The ogre hits you with a +0 giant club!!
Unknown command.
Fire: a) +0 shortbow
Press: ? - help, Q - select action, (/) - cycle Shift-Dir - straight line, f/p - ogre
Aim: an ogre, wielding a +0 giant club (severely wounded, 80% to hit)
You shoot an arrow. The arrow hits the ogre!
You kill the ogre!
Your Ranged Weapons skill increases to level 8!
Fire: a) +0 shortbow
Press: ? - help, Q - select action, (/) - cycle Shift-Dir - straight line, f - iguana
Aim: an iguana (72% to hit)
You shoot an arrow. The arrow barely misses the iguana.
The iguana bites you!
* * * LOW HITPOINT WARNING * * *
Fire: a) +0 shortbow
Press: ? - help, Q - select action, (/) - cycle Shift-Dir - straight line, f/p - iguana
Aim: an iguana (72% to hit)
You shoot an arrow. The arrow hits the iguana!
The iguana is heavily wounded.
The iguana bites you!
You die...

..> .. . ... .## . . ..
..## ## .. .. ... .#...
.##.. ...# # >.. ### #
.## ....###.##.....
##..# #.....@.......
#...###. #......)l....$.
.........##.#...........
........##. #...........
..##...... .............
..#.#.... ###...........
........#.# ............
....##... ##...........
...###.##


You could see an iguana.

Vanquished Creatures
  3 ogres (D:4)
  A scorpion (D:3)
  3 jellies (D:2)
  3 orc priests (D:3)
  A hound (D:3)
  An iguana (D:3)
  Ijyb (D:3)
  Natasha (D:3)
  Terence (D:3)
  2 orc wizards (D:3)
  3 adders
  3 worms
  3 dart slugs
  7 orcs (D:3)
  8 ball pythons
  11 endoplasms
  4 giant cockroaches (D:1)
  5 goblins
  3 hobgoblins
  5 jackals
  4 quokkas
  6 bats
  13 kobolds
  11 rats
103 creatures vanquished.

Vanquished Creatures (others)
  7 fungi (D:2)
  12 toadstools (D:2)
19 creatures vanquished.

Grand Total: 122 creatures vanquished

Notes
Turn   | Place    | Note
-------+----------+-------------------------------------------
     0 | D:1      | avis the Demigod Hunter began the quest for the Orb.
     0 | D:1      | Reached XP level 1. HP: 17/17 MP: 3/3
    44 | D:1      | Reached skill level 4 in Ranged Weapons
    62 | D:1      | Reached XP level 2. HP: 24/24 MP: 4/4
   153 | D:1      | Got Plato's Octavo of Battle Magic
   519 | D:1      | Reached skill level 1 in Stealth
   840 | D:1      | Reached XP level 3. HP: 29/29 MP: 5/5
  1527 | D:2      | Reached skill level 5 in Ranged Weapons
  1527 | D:2      | Reached XP level 4. HP: 36/36 MP: 6/6
  1548 | D:2      | Reached XP level 5. HP: 34/41 MP: 7/7
  2887 | D:3      | Reached skill level 6 in Ranged Weapons
  2937 | D:3      | Reached XP level 6. HP: 23/50 MP: 8/8
  2960 | D:3      | Noticed Ijyb
  3140 | D:3      | Gained mutation: Your body sometimes deteriorates upon
                  | taking damage. [potion of mutation]
  3140 | D:3      | Gained mutation: You are partially covered in iridescent
                  | scales. (AC +2) [potion of mutation]
  3140 | D:3      | Gained mutation: You occasionally shout uncontrollably at
                  | your foes. [potion of mutation]
  3140 | D:3      | Gained mutation: Your muscles are strong. (Str +4, Int/Dex
                  | -1) [potion of mutation]
  3144 | D:3      | Killed Ijyb
  3415 | D:3      | Noticed Natasha
  3419 | D:3      | Killed Natasha
  3617 | D:3      | Noticed Terence
  3623 | D:3      | Killed Terence
  3632 | D:3      | Identified the +11 plate armour "Hagulis" {rPois rC++ Int+2
                  | Dex+8 Stlth-}
  3697 | D:3      | Reached skill level 7 in Ranged Weapons
  4077 | D:4      | Reached XP level 7. HP: 57/57 MP: 9/9
  4315 | D:4      | Reached skill level 8 in Ranged Weapons
  4316 | D:4      | Slain by an iguana

Illustrated notes

Levels and vault maps discovered:
D:1:      giann_bridges, layout_basic, shapermc_ecumenical_altar_rom_forum,
          dk_noncrumbling_4, nicolae_wormholes
D:2:      cheibrodos_fertilizer, layout_basic
D:3:      layout_loops_ring, nicolae_overflow_hidden_temple, uniq_terence,
          uniq_ijyb, uniq_natasha
D:4:      layout_cave_pools, grunt_temple_overflow_diamond, uniq_blork_the_orc

Skill      XL: |  1  2  3  4  5  6  7 |
---------------+----------------------+-----
Fighting       | 2 3 |  3.0
Ranged Weapons | 4 5 6 7 8 |  8.1
Dodging        | 2 |  2.0
Stealth        | 1 2 |  2.0

Action                   |  1- 3 |  4- 6 |  7- 9 || total
-------------------------+-------+-------+-------++-------
Melee: Rapier            |       |    17 |       ||    17
       Punch             |       |     1 |       ||     1
 Fire: Shortbow          |   121 |   158 |    24 ||   303
  Use: Potion            |       |     1 |       ||     1
Armor: Leather armour    |     2 |    20 |     1 ||    23
       Ring mail         |     3 |    15 |       ||    18
Dodge: Dodged            |    26 |    48 |     6 ||    80
